 Dungeon Crawl Stone Soup version 0.32-a0-607-g64ea0e4219 (webtiles) character file.

Game seed: 3000402354370606267

398 Strat the Magician (level 6, -3/63 HPs)
             Began as an Oni Hedge Wizard on Mar 3, 2024.
             Was an Initiate of Beogh.
             Slain by an ice beast (11 damage)
             ... on level 5 of the Dungeon.
             The game lasted 00:14:24 (5137 turns).

Strat the Magician (Oni Hedge Wizard)               Turns: 5137, Time: 00:14:25

Health: -3/63      AC:  3    Str: 15    XL:     6   Next: 83%
Magic:  15/15      EV:  9    Int: 17    God:    Beogh [......]
Gold:   243        SH:  0    Dex:  8    Spells: 9/18 levels left

rFire   . . .        a - +0 flail
rCold   . . .        (no shield)
rNeg    . . .        b - +0 robe
rPois   .            c - +0 hat
rElec   .            (no cloak)
rCorr   +            (gloves unavailable)
SInv    .            (boots unavailable)
Will    .....        (no amulet)
Stlth   +            f - ring of resist corrosion
HPRegen 0.30/turn    (no ring)
MPRegen 0.14/turn

%: no passive effects
@: no status effects
A: large, unfitting armour, horns 1, tough skin 1, double potion healing,
drunken brawling
a: Renounce Religion


You were on level 5 of the Dungeon.
You worshipped Beogh.
Beogh was noncommittal.
You visited 1 branch of the dungeon, and saw 5 of its levels.

You collected 243 gold pieces.

Inventory:

Hand Weapons
 a - a +0 flail (weapon)
 s - a +0 whip
 u - a +0 mace
Missiles
 n - 5 boomerangs
 p - 10 poisoned darts
Armour
 b - a +0 robe (worn)
 c - a +0 hat (worn)
Jewellery
 f - a ring of resist corrosion (left hand)
 o - a ring of see invisible
 r - a ring of ice
Wands
 q - a wand of charming (14)
Potions
 d - a potion of magic
 e - 2 potions of attraction
 h - a potion of lignification
 i - a potion of enlightenment
 j - a potion of invisibility {unknown}
 k - 2 potions of ambrosia


   Skills:
 + Level 4.4 Fighting
 - Level 1.7 Dodging
 - Level 1.4 Stealth
 * Level 6.5 Spellcasting
 - Level 2.0 Conjurations
 - Level 2.0 Summonings
 - Level 0.8 Translocations


You had 9 spell levels left.
You knew the following spells:

 Your Spells              Type           Power      Damage    Failure   Level
a - Magic Dart            Conj           48%        1d5       5%          1
b - Call Imp              Summ           24%        N/A       9%          2
c - Blink                 Tloc           16%        N/A       13%         2
d - Apportation           Tloc           16%        N/A       9%          1
e - Mephitic Cloud        Conj/Alch/Air  7%         N/A       28%         3

Your spell library contained the following spells:

 Spells                   Type           Power      Damage    Failure   Level
 Slow                     Hex            20%        N/A       12%         1
 Lesser Beckoning         Tloc           16%        N/A       13%         2
 Cigotuvi's Dreadful Rot  Necr/Alch/Air  10%        N/A       19%         2
 Jinxbite                 Hex            10%        N/A       19%         2
 Gell's Gravitas          Tloc           8%         N/A       26%         3
 Teleport Other           Tloc           8%         N/A       26%         3
 Alistair's Intoxication  Alch           3%         N/A       98%         5
 Dispersal                Tloc           4%         N/A       100%        6


Dungeon Overview and Level Annotations

Branches:
Dungeon (5/15)
 Temple: D:4-7

Altars:
Fedhas
Qazlal


Innate Abilities, Weirdness & Mutations

You are too large for most types of armour.
You have a pair of small horns on your head.
You have tough skin. (AC +1)
You gain doubled healing and magic from potions.
Whenever you drink a healing potion, you attack all around you.


Message History

An ice beast comes into view.
The adder bites you.
* * * LOW HITPOINT WARNING * * *
You are poisoned.
The adder poisons you! The gnoll barely misses you.
You feel sick. The gnoll closely misses you.
You feel sick. The adder attacks as it pursues you!
The adder barely misses you. The adder bites you.
* * * LOW HITPOINT WARNING * * *
The gnoll attacks as it pursues you!
The gnoll hits you from afar with a +0 spear.
* * * LOW HITPOINT WARNING * * *
The adder bites you.
* * * LOW HITPOINT WARNING * * *
The adder bites you but does no damage.
You feel sick. The adder attacks as it pursues you! The adder bites you.
* * * LOW HITPOINT WARNING * * *
Unknown command.
Blink to where?
Press: ? - help, Dir - move target
As you read the scroll of blinking, it crumbles to dust.
You feel sick.
You are no longer poisoned.
The scorpion stings you.
* * * LOW HITPOINT WARNING * * *
The gnoll hits you with a +0 spear.
* * * LOW HITPOINT WARNING * * *
The scorpion stings you but does no damage.
Found 13 gold pieces.
The gnoll hits you from afar with a +0 spear.
* * * LOW HITPOINT WARNING * * *
The scorpion stings you.
* * * LOW HITPOINT WARNING * * *
The ice beast barely misses you. The gnoll attacks as it pursues you!
The gnoll hits you but does no damage.
Unknown command.
The ice beast hits you.
* * * LOW HITPOINT WARNING * * *
The ice beast freezes you!
You die... ...# ...+ ### ## ###### ... #...#. #.$#§# PP#

#...##.##.#
P.#### #
#.@sO#.S#
P....# ..#
###YgSS##
.....#
#..#.###...#
§....#
#..#.###.#
≈....#
#..#.#'#
#§...#
##...5..#
#....#
##.#..#.##
.≈####
##.#..#.##
..##.#
##.#..#.##


You could see an ice beast, an ogre, a scorpion, a gnoll and 2 adders.

Vanquished Creatures
  A scorpion (D:4)
  A howler monkey (D:4)
  2 hounds
  An orc wizard (D:4)
  3 adders
  5 dart slugs
  2 ribbon worms (D:3)
  3 orcs
  2 bats
  3 endoplasms
  6 goblins
  5 hobgoblins
  6 jackals
  11 kobolds
  A quokka (D:1)
  7 ball pythons
  6 frilled lizards
  4 rats
69 creatures vanquished.

Vanquished Creatures (collateral kills)
  A bombardier beetle (D:3)
  5 adders
  4 orcs
  2 endoplasms
  A giant cockroach (D:4)
  4 goblins
  3 hobgoblins
  2 jackals
  A kobold (D:2)
  2 ball pythons (D:1)
  A rat (D:1)
26 creatures vanquished.

Grand Total: 95 creatures vanquished

Notes
Turn   | Place    | Note
-------+----------+-------------------------------------------
     0 | D:1      | Strat the Oni Hedge Wizard began the quest for the Orb.
     0 | D:1      | Reached XP level 1. HP: 16/16 MP: 5/5
   122 | D:1      | Reached skill level 1 in Conjurations
   255 | D:1      | Reached skill level 1 in Fighting
   255 | D:1      | Reached XP level 2. HP: 25/27 MP: 1/6
   322 | D:1      | Learned a level 2 spell: Call Imp
   325 | D:1      | Learned a level 2 spell: Blink
   511 | D:1      | Reached skill level 4 in Spellcasting
   523 | D:1      | Reached skill level 1 in Summonings
   690 | D:1      | Reached XP level 3. HP: 29/33 MP: 8/8
   759 | D:1      | Found a faded altar of an unknown god.
  1367 | D:2      | Reached XP level 4. HP: 39/42 MP: 7/10
  2426 | D:3      | Reached XP level 5. HP: 42/50 MP: 6/12
  2503 | D:3      | Reached skill level 5 in Spellcasting
  2748 | D:3      | Became a worshipper of Beogh the Shepherd
  3858 | D:4      | Reached XP level 6. HP: 41/62 MP: 11/14
  4140 | D:4      | Reached skill level 6 in Spellcasting
  4591 | D:5      | Entered Level 5 of the Dungeon
  4695 | D:5      | Found a stormy altar of Qazlal.
  4879 | D:5      | Found a blossoming altar of Fedhas.
  4882 | D:5      | Learned a level 1 spell: Apportation
  4886 | D:5      | Learned a level 3 spell: Mephitic Cloud
  5026 | D:5      | Noticed an ice beast
  5071 | D:5      | HP: 2/63 [ice beast (9)]
  5130 | D:5      | Noticed an ice beast
  5137 | D:5      | Slain by an ice beast

Illustrated notes

Levels and vault maps discovered:
D:1:      dpeg_arrival_short_road, layout_basic,
          nicolae_ecumenical_snake_handling, fountainhead, minmay_cupped
D:2:      layout_loops_ring
D:3:      layout_loops_ring, serial_forest, infiniplex_forest_clump_curved,
          infiniplex_forest_fountain, infiniplex_forest_lined_room_2,
          infiniplex_forest_end_double, infiniplex_forest_corner_2,
          infiniplex_forest_lined_room_3, infiniplex_forest_fountain,
          infiniplex_forest_lined_2, infiniplex_forest_corner_1,
          corner_web_ring, minmay_misc_feat_more_columns, serial_bayou_lagoon_a
D:4:      layout_loops_ring
D:5:      minmay_razor_zed, layout_gridville,
          grunt_temple_overflow_forces_of_nature, old_standard_altar,
          minmay_temple_entry_antechambers, grunt_ministairs_1,
          chequers_serial_rivers_marsh, uniq_edmund

Skill      XL: |  1  2  3  4  5  6 |
---------------+-------------------+-----
Conjurations   | 1 2 |  2.0
Fighting       | 1 2 3 4 |  4.4
Spellcasting   | 4 5 6 |  6.5
Summonings     | 1 2 |  2.0
Dodging        | |  1.7
Stealth        | |  1.4
Translocations | |  0.8

Action                     |  1- 3 |  4- 6 || total
---------------------------+-------+-------++-------
  Melee: Dagger            |    56 |       ||    56
         Headbutt          |    13 |    22 ||    35
         Whip              |    31 |    45 ||    76
         Flail             |       |    76 ||    76
         Mace              |       |     1 ||     1
   Cast: Magic Dart        |    20 |     9 ||    29
         Call Imp          |     9 |    33 ||    42
 Invoke: Convert to Beogh  |       |     1 ||     1
  Evoke: Wand              |       |     1 ||     1
    Use: Scroll            |       |    13 ||    13
         Potion            |       |     4 ||     4
   Stab: Sleeping          |     1 |     1 ||     2
         Distracted        |       |     2 ||     2
 Armour: Robe              |    77 |   133 ||   210
  Dodge: Dodged            |    40 |    75 ||   115

Table legend: (Time is in decaauts)
 A = Elapsed time spent in this place.
 B = Non-inter-level travel time spent in this place.
 C = Inter-level travel time spent in this place.
 D = Time resting spent in this place.
 E = Time spent auto-exploring this place.
 F = Levels seen in this place.
 G = Mean time per level.
                   A        B        C        D        E       F      G
               +--------+--------+--------+--------+--------+-----+--------+
         Total |   5154 |   4902 |    252 |    970 |   2632 |   5 | 1030.8 |
       Dungeon |   5154 |   4902 |    252 |    970 |   2632 |   5 | 1030.8 |
               +--------+--------+--------+--------+--------+-----+--------+

Top non-repeatable levels by time:
     D:1: 1344 daAuts
     D:4: 1292 daAuts
     D:3: 1269 daAuts
     D:2: 710 daAuts
     D:5: 538 daAuts
